Cogmind - Beta 13 *** ADVENTURER MODE // 2024.04.06 @ 10:35:35 Player: Vetulus Result: Self-destructed Performance ------------- Evolutions (4) 2000 Regions Visited (9) 1800 Robots Destroyed (67) 335 Value Destroyed (3085) 3085 Prototype IDs (37) 740 Alien Tech Used (0) 0 Bonus (995) 995 TOTAL SCORE: 8955 Bonus ------- High Alert Combat Kills 236 Follower Combat Kills 259 Entered Garrisons 200 Aligned with FarCom 300 Cogmind --------- Core Integrity 850/850 Matter 228/300 Energy 220/220 System Corruption 5% Temperature Cool (-200) Movement Walking (263) Ox2 Location -6/Factory Parts ------- > --- POWER (2) -------- Micro Nuclear Core Light Antimatter Reactor > --- PROPULSION (3) --- Carbon-fiber Leg Improved Titanium Leg Flexi-carbon Leg > --- UTILITY (6) ------ Advanced Cryofiber Web Huge Storage Unit Improved Sensor Array Improved Medium Armor Plating Hacking Suite > --- WEAPON (4) ------- Gauss Cannon Heavy Mass Driver Hardcell Cannon > --- INVENTORY (25) --- Light Deuterium Engine Light Nuclear Core Improved Deuterium Engine Huge Storage Unit Huge Storage Unit Improved Sensor Array Improved Medium Armor Plating Relay Coupler [NC] (28) Relay Coupler [Swarmer] (39) Relay Coupler [Hunter] (19) Improved EM Pulse Cannon Phase Cannon Phase Cannon Enhanced Autogun Railgun Advanced Assault Cannon Gauss Cannon Heavy Mass Driver Heavy Gauss Cannon Missile Launcher Peak State ------------ > --- POWER ------------ Light Antimatter Reactor Light Antimatter Reactor > --- PROPULSION ------- Carbon-fiber Leg Improved Carbon-fiber Leg Advanced VSS Leg > --- UTILITY ---------- Advanced Cryofiber Web Huge Storage Unit Improved Sensor Array Improved Shield Generator Hacking Suite > --- WEAPON ----------- Railgun AWS/Gauss > --- INVENTORY -------- Light Deuterium Engine Light Nuclear Core Improved Deuterium Engine Carbon-fiber Leg Huge Storage Unit Huge Storage Unit Improved Sensor Array Relay Coupler [NC] Relay Coupler [Swarmer] Relay Coupler [Specialist] Relay Coupler [Hunter] Heavy Particle Gun Improved EM Pulse Cannon HERF Cannon Gauss Cannon Gauss Cannon Heavy Mass Driver Heavy Mass Driver Hardcell Cannon Heavy Gauss Cannon Missile Launcher Remote Datajack Mining Laser [Rating: 79] Favorites ----------- Power Light Antimatter Reactor Engine Improved Deuterium Engine Power Core Light Nuclear Core Reactor Light Antimatter Reactor Propulsion Carbon-fiber Leg Treads Light Treads Leg Carbon-fiber Leg Hover Unit Aerolev Unit Utility Hacking Suite Device Improved Sensor Array Storage Huge Storage Unit Hackware Hacking Suite Protection Improved Medium Armor Plating Weapon AWS/Gauss Energy Gun Beam Rifle Energy Cannon HERF Cannon Ballistic Gun AWS/Gauss Ballistic Cannon Gauss Cannon Special Weapon Mining Laser Build | -11 -10 -10 -10 -9 -8 -7 -7 -7 -6 ------- Run | Yrd Mat Min Exi Min Mat Fac Gar Fac Fac Slots Evolved 8 | . . . . . 4 2 . . 2 Power 1 | . . . . . . 1 . . . Propulsion 1 | . . . . . 1 . . . . Utility 4 | . . . . . 2 1 . . 1 Weapon 2 | . . . . . 1 . . . 1 Parts Attached 82 | 7 8 . 2 . 29 8 7 16 5 Power 13 | 2 1 . . . 4 2 2 2 . Engine 6 | 2 1 . . . 1 1 . 1 . Core 5 | . . . . . 3 1 . 1 . Reactor 2 | . . . . . . . 2 . . Propulsion 19 | 2 2 . . . 7 2 1 4 1 Treads 4 | 2 2 . . . . . . . . Leg 14 | . . . . . 6 2 1 4 1 Wheel . | . . . . . . . . . . Hover 1 | . . . . . 1 . . . . Flight . | . . . . . . . . . . Utility 18 | 1 3 . . . 10 . 1 3 . Device 10 | . 2 . . . 5 . 1 2 . Storage 5 | 1 1 . . . 3 . . . . Processor . | . . . . . . . . . . Hackware 2 | . . . . . 2 . . . . Protection 1 | . . . . . . . . 1 . Artifact . | . . . . . . . . . . Weapon 32 | 2 2 . 2 . 8 4 3 7 4 Energy Gun 9 | . 2 . 1 . 1 3 . 1 1 Energy Cannon 1 | . . . . . . . . 1 . Ballistic Gun 9 | 2 . . . . 3 . 1 2 1 Ballistic Cannon 7 | . . . . . 2 1 . 2 2 Launcher . | . . . . . . . . . . Special Weapon 6 | . . . 1 . 2 . 2 1 . Impact Weapon . | . . . . . . . . . . Slashing Weapon . | . . . . . . . . . . Piercing Weapon . | . . . . . . . . . . Special Melee Weapon . | . . . . . . . . . . Unidentified Prototypes 7 | . . . . . 2 3 . . 2 Parts Lost 4 | . . . . . . . . 4 . Power 1 | . . . . . . . . 1 . Propulsion 2 | . . . . . . . . 2 . Utility 1 | . . . . . . . . 1 . Weapon . | . . . . . . . . . . Highest Loss Streak 2 | . . . . . . . . 2 . To Critical Strikes . | . . . . . . . . . . Average Slot Usage (%) 88 | . 98 100 100 100 84 83 86 88 85 Engine 5 | . 14 14 14 14 5 7 4 . . Core 2 | . . . . . 3 7 4 1 6 Reactor 3 | . . . . . . . 5 9 6 Treads 7 | . 27 28 28 28 9 . . . . Leg 16 | . . . . . 12 22 23 22 20 Device 16 | . 12 14 14 14 19 15 17 17 13 Storage 8 | . 14 14 14 14 9 7 7 7 6 Hackware 5 | . . . . . 6 7 7 7 6 Energy Gun 6 | . 26 28 28 28 2 . . 2 . Ballistic Gun 6 | . 1 . . . 9 7 8 8 3 Ballistic Cannon 3 | . . . . . 5 6 2 2 15 Special Weapon 1 | . . . . . . . 2 1 . Naked Turns . | . . . . . . . . . . Heaviest Build 144 | 13 33 33 38 33 111 118 127 134 144 Greatest Support 56 | 40 40 40 40 40 45 45 48 56 55 Greatest Overweight (x) 4 | 2 . . . . 4 2 2 3 2 Average Overweight (x) 1 | . . . . . 1 2 2 2 2 Largest Inventory Capacity 25 | 8 15 15 15 15 25 25 25 25 25 Average Capacity 22 | 7 14 15 15 15 20 25 25 25 25 Most Carried 25 | 4 15 15 15 15 21 22 25 25 21 Average Carried 19 | 1 12 14 14 15 17 20 23 23 19 Final Capacity 25 | 8 15 15 15 15 25 25 25 25 25 Final Carried 25 | 2 15 15 15 15 21 21 25 21 21 Class Distribution -------------------- 39% | Hacker-Skirmisher 32% | Scavenger-Skirmisher 18% | Mutant 5% | Skirmisher 3% | Hacker-Mutant Dominant Class ---------------- Mutant | -10/Materials Mutant | -10/Mines Mutant | -10/Exiles Mutant | -9/Mines Scavenger-Skirmisher | -8/Materials Scavenger-Skirmisher | -7/Factory Scavenger-Skirmisher | -7/Garrison Hacker-Skirmisher | -7/Factory Hacker-Skirmisher | -6/Factory Resources | -11 -10 -10 -10 -9 -8 -7 -7 -7 -6 ----------- Run | Yrd Mat Min Exi Min Mat Fac Gar Fac Fac Matter Collected 1234 | 182 138 . . 43 319 95 144 313 . Remotely . | . . . . . . . . . . Salvage Created 2748 | . 343 . . . 1022 173 . 1210 . Parts 179 | . 24 . . . 59 13 . 83 . Haulers Intercepted . | . . . . . . . . . . Recyclers Shooed . | . . . . . . . . . . Parts Field Recycled . | . . . . . . . . . . Retrieved Matter . | . . . . . . . . . . Parts Self-Destructed . | . . . . . . . . . . Prevented . | . . . . . . . . . . Kills | -11 -10 -10 -10 -9 -8 -7 -7 -7 -6 ------- Run | Yrd Mat Min Exi Min Mat Fac Gar Fac Fac Combat Hostiles Destroyed 53 | . 9 . . . 15 4 . 25 . Guns 43 | . 9 . . . 13 3 . 18 . Cannons 10 | . . . . . 2 1 . 7 . Classes Destroyed 9 | . 3 . . . 5 1 . . . Worker 4 | . . . . . 3 . . 1 . Recycler 1 | . . . . . 1 . . . . Operator 3 | . . . . . 2 . . 1 . Watcher 6 | . 2 . . . 3 . . 1 . Swarmer 6 | . 3 . . . . . . 3 . Grunt 33 | . 6 . . . 12 . . 15 . Sentry 3 | . . . . . 1 1 . 1 . Hunter 2 | . . . . . 2 . . . . Programmer 9 | . . . . . . 3 . 6 . Best Kill Streak 4 | . 3 . . . 4 1 . 4 . Combat Bots Only 3 | . 3 . . . 3 1 . 3 . Max Kills in Single Turn 3 | . 2 . . . 3 1 . 2 . Gunslinging 1 | . 1 . . . . . . . . Exploded . | . . . . . . . . . . Melee . | . . . . . . . . . . Uniques/NPCs Destroyed . | . . . . . . . . . . Combat | -11 -10 -10 -10 -9 -8 -7 -7 -7 -6 -------- Run | Yrd Mat Min Exi Min Mat Fac Gar Fac Fac Hostile Shots Fired 226 | . 33 . . . 26 25 . 142 . Missed 67 | . 10 . . . 9 7 . 41 . Damage Taken 1530 | . 197 . . . 215 49 54 1015 . Core 279 | . 47 . . . 26 . . 206 . Absorbed by Shields 265 | . . . . . . 60 . 205 . Ignored by Resistances 506 | . 65 . . . 61 39 14 327 . Regen/Repaired (Parts) 205 | . 124 . . . . 81 . . . Core Remaining (%) 86 | 100 . . . 81 95 . . 70 . Volleys Fired 108 | . 20 . . . 22 4 25 37 . Largest 3 | . 2 . . . 1 1 1 3 . Hottest 178 | . 112 . . . 100 48 100 178 . Shots Fired 298 | . 40 . . . 94 12 30 122 . Gun 221 | . 40 . . . 79 8 6 88 . Cannon 41 | . . . . . 7 4 4 26 . Launcher . | . . . . . . . . . . Special 36 | . . . . . 8 . 20 8 . Kinetic 187 | . . . . . 83 12 10 82 . Thermal 88 | . 40 . . . 11 . 20 17 . Explosive . | . . . . . . . . . . Electromagnetic 17 | . . . . . . . . 17 . Robot Hit Streak 30 | . 18 . . . 16 11 17 30 . Robot Miss Streak 3 | . 3 . . . 1 1 . 3 . Penetration Max 1 | . . . . . 1 . . . . Secondary Targets 2 | . 2 . . . . . . . . Max Gunslinging Chain 1 | . 1 . . . . . . . . Autonomous 140 | . . . . . 72 8 5 55 . Shots Hit Robots 223 | . 29 . . . 79 11 6 98 . Core Hits 100 | . 18 . . . 37 6 1 38 . Critical Kills 2 | . . . . . . . . 2 . Critical Parts Destroyed . | . . . . . . . . . . Critical Strikes 7 | . 2 . . . . 1 . 4 . Burn 2 | . 2 . . . . . . . . Destroy 2 | . . . . . . . . 2 . Blast 1 | . . . . . . 1 . . . Corrupt 2 | . . . . . . . . 2 . Melee Attacks . | . . . . . . . . . . Impact . | . . . . . . . . . . Slashing . | . . . . . . . . . . Piercing . | . . . . . . . . . . Sneak Attacks . | . . . . . . . . . . Combat Hostiles . | . . . . . . . . . . Follow-up Attacks . | . . . . . . . . . . Damage Inflicted 6073 | . 430 . . . 2477 409 125 2632 . Guns 5124 | . 430 . . . 2347 316 125 1906 . Cannons 949 | . . . . . 130 93 . 726 . Explosions . | . . . . . . . . . . Melee . | . . . . . . . . . . Ramming . | . . . . . . . . . . Kinetic 4764 | . . . . . 2427 409 125 1803 . Thermal 761 | . 430 . . . 50 . . 281 . Explosive . | . . . . . . . . . . Electromagnetic 548 | . . . . . . . . 548 . Impact . | . . . . . . . . . . Slashing . | . . . . . . . . . . Piercing . | . . . . . . . . . . Highest Corruption 5 | . . . . . . . . . 5 Average Corruption 5 | . . . . . . . . . 5 Corruption Purged . | . . . . . . . . . . Corruption Blocked . | . . . . . . . . . . Effects 1 | . . . . . . . . . 1 Message Errors 1 | . . . . . . . . . 1 Overload Shots . | . . . . . . . . . . Overflow Damage 30 | . . . . . . 21 . 9 . Projectiles 30 | . . . . . . 21 . 9 . Explosions . | . . . . . . . . . . Melee . | . . . . . . . . . . Knockbacks 1 | . . . . . 1 . . . . Impact . | . . . . . . . . . . Kinetic 1 | . . . . . 1 . . . . Secondary . | . . . . . . . . . . Self-Inflicted Damage . | . . . . . . . . . . Shots . | . . . . . . . . . . Rammed . | . . . . . . . . . . Targets Rammed . | . . . . . . . . . . Kicked . | . . . . . . . . . . Crushed . | . . . . . . . . . . Highest Temperature 612 | . 22 . . . 20 25 60 612 . Average Temperature 133 | . 9 . . . 10 11 18 226 . Received Heat Transfer 718 | . 138 . . . 153 9 . 418 . Effects 18 | . . . . . . . . 18 . Shutdowns 4 | . . . . . . . . 4 . Energy Bleed 3 | . . . . . . . . 3 . Interference 3 | . . . . . . . . 3 . Damage (minor) 3 | . . . . . . . . 3 . Damage (major) 4 | . . . . . . . . 4 . Damage (core) 1 | . . . . . . . . 1 . Siege Activations . | . . . . . . . . . . Robots Corrupted . | . . . . . . . . . . Combat Hostiles . | . . . . . . . . . . Parts Fried 3 | . . . . . . . . 3 . Impact Corruptions . | . . . . . . . . . . Robots Melted . | . . . . . . . . . . Combat Hostiles . | . . . . . . . . . . Parts Melted 1 | . 1 . . . . . . . . Heat Transferred 1887 | . 1258 . . . 111 . . 518 . Parts Sabotaged . | . . . . . . . . . . Parts Stolen . | . . . . . . . . . . Parts Stripped . | . . . . . . . . . . Power Chain Reactions . | . . . . . . . . . . Alert | -11 -10 -10 -10 -9 -8 -7 -7 -7 -6 ------- Run | Yrd Mat Min Exi Min Mat Fac Gar Fac Fac Peak Influence 1590 | . 160 . . . 170 108 1590 779 48 Initial 723 | . . . . . . . . 723 48 Average 312 | . 51 . . . 49 42 704 500 48 Maximum Alert Level 4 | . . . . . . . 4 3 . Low Security (%) 58 | 100 100 100 . 100 100 100 24 6 100 Level 1 10 | . . . . . . . 17 24 . Level 2 15 | . . . . . . . 11 49 . Level 3 8 | . . . . . . . 17 19 . Level 4 6 | . . . . . . . 28 . . Level 5 . | . . . . . . . . . . High Security . | . . . . . . . . . . Max Security . | . . . . . . . . . . Squads Dispatched 18 | . 1 . . . 3 2 . 12 . Investigation 7 | . 1 . . . 1 . . 5 . Extermination 7 | . . . . . . 2 . 5 . Reinforcement 4 | . . . . . 2 . . 2 . Assault . | . . . . . . . . . . Garrison . | . . . . . . . . . . Intercept . | . . . . . . . . . . Searches Triggered . | . . . . . . . . . . Construction Impeded 2 | . . . . . 2 . . . . Haulers Reinforced . | . . . . . . . . . . Active Scanning Responses . | . . . . . . . . . . Cargo Convoy Interrupts . | . . . . . . . . . . Stealth | -11 -10 -10 -10 -9 -8 -7 -7 -7 -6 --------- Run | Yrd Mat Min Exi Min Mat Fac Gar Fac Fac Distress Signals . | . . . . . . . . . . Communications Jammed . | . . . . . . . . . . Distress Signals . | . . . . . . . . . . Times Spotted 65 | . 13 . . . 20 3 . 29 . Peak Tracking Total 4 | . 3 . . . 3 2 . 4 . Tactical Retreats . | . . . . . . . . . . Traps | -11 -10 -10 -10 -9 -8 -7 -7 -7 -6 ------- Run | Yrd Mat Min Exi Min Mat Fac Gar Fac Fac Traps Triggered 6 | . 1 . . . . . 4 1 . Indirectly . | . . . . . . . . . . Trap Hack Attempts . | . . . . . . . . . . Triggered . | . . . . . . . . . . Disarmed . | . . . . . . . . . . Reprogrammed . | . . . . . . . . . . Reused . | . . . . . . . . . . Traps Extracted . | . . . . . . . . . . Installed . | . . . . . . . . . . Triggered . | . . . . . . . . . . Machines | -11 -10 -10 -10 -9 -8 -7 -7 -7 -6 ---------- Run | Yrd Mat Min Exi Min Mat Fac Gar Fac Fac Machines Disabled 8 | . . . . . 2 . 3 3 . Max in Single Turn 1 | . . . . . 1 . 1 1 . Garrison Access 2 | . . . . . 1 1 . . . Garrison Relay 2 | . . . . . . . 2 . . Machines Repaired . | . . . . . . . . . . Machines Dismantled . | . . . . . . . . . . Machines Sabotaged . | . . . . . . . . . . Overloaded Fab Kills . | . . . . . . . . . . Hacking | -11 -10 -10 -10 -9 -8 -7 -7 -7 -6 --------- Run | Yrd Mat Min Exi Min Mat Fac Gar Fac Fac Machines Accessed 40 | . 9 1 1 . 9 5 2 12 1 Terminals 25 | . 7 . . . 6 1 2 8 1 Fabricators 1 | . . . . . . . . 1 . Repair Stations 2 | . 1 . . . . 1 . . . Recycling Units 3 | . 1 . . . 1 1 . . . Scanalyzers 3 | . . . . . 1 . . 2 . Garrison Access 4 | . . . . . 1 2 . 1 . Total Hacks 103 | . 31 1 1 . 30 9 5 25 1 Successful 59 | . 16 1 1 . 22 8 2 9 . Failed 44 | . 15 . . . 8 1 3 16 1 Catastrophic 15 | . 2 . . . 1 . 1 10 1 Database Lockouts . | . . . . . . . . . . Manual 55 | . 22 . 1 . 14 1 2 14 1 Terminals 59 | . 22 . . . 15 1 5 15 1 Fabricators 1 | . . . . . . . . 1 . Repair Stations 12 | . 8 . . . . 4 . . . Recycling Units 3 | . 1 . . . 1 1 . . . Scanalyzers 18 | . . . . . 12 . . 6 . Garrison Access 8 | . . . . . 2 3 . 3 . Terminal Hacks 22 | . 7 1 1 . 7 1 2 3 . Prototype ID Bank 4 | . 2 . . . 2 . . . . Open Door 2 | . . 1 . . . . 1 . . Open DSF 3 | . . . . . . 1 . 2 . Level Access Points 1 | . . . . . 1 . . . . Branch Access Points 2 | . 1 . . . 1 . . . . Emergency Access Points 1 | . . . . . . . 1 . . Terminal Index 3 | . 1 . . . 1 . . 1 . Alert Level 2 | . 1 . . . 1 . . . . Unreport Threat 1 | . 1 . . . . . . . . Locate Traps 2 | . 1 . . . 1 . . . . Derelict Proto ID Bank 1 | . . . 1 . . . . . . Fabricator Hacks 1 | . . . . . . . . 1 . Network Status 1 | . . . . . . . . 1 . Repair Station Hacks 12 | . 8 . . . . 4 . . . Scan Component 6 | . 4 . . . . 2 . . . Repair 6 | . 4 . . . . 2 . . . Recycling Unit Hacks 3 | . 1 . . . 1 1 . . . Report Inventory 3 | . 1 . . . 1 1 . . . Scanalyzer 17 | . . . . . 12 . . 5 . Insert Component 11 | . . . . . 8 . . 3 . Analyze 6 | . . . . . 4 . . 2 . Garrison Access Hacks 4 | . . . . . 2 2 . . . Unlock Access 1 | . . . . . . 1 . . . Seal Access 2 | . . . . . 1 1 . . . Coupler Status 1 | . . . . . 1 . . . . Unauthorized Hacks . | . . . . . . . . . . Terminals . | . . . . . . . . . . Fabricators . | . . . . . . . . . . Repair Stations . | . . . . . . . . . . Recycling Units . | . . . . . . . . . . Scanalyzers . | . . . . . . . . . . Garrison Access . | . . . . . . . . . . Data Cores Recovered 3 | . . . . . 2 . . 1 . Used 1 | . . . . . 1 . . . . Hacking Detections 31 | . 7 . . . 7 4 2 10 1 Full Trace Events 6 | . . . . . 1 . . 5 . Feedback Events . | . . . . . . . . . . Feedback Blocked . | . . . . . . . . . . Robot Schematics Acquired . | . . . . . . . . . . Robots Built . | . . . . . . . . . . Authchips . | . . . . . . . . . . Time . | . . . . . . . . . . Total Robot Build Rating . | . . . . . . . . . . Part Schematics Acquired 6 | . . . . . 4 . . 2 . Parts Built . | . . . . . . . . . . Authchips . | . . . . . . . . . . Time . | . . . . . . . . . . Total Part Build Rating . | . . . . . . . . . . Parts Repaired 6 | . 4 . . . . 2 . . . Time 134 | . 110 . . . . 24 . . . Parts Recycled . | . . . . . . . . . . Recycled Matter . | . . . . . . . . . . Retrieved Matter . | . . . . . . . . . . Retrieved Components . | . . . . . . . . . . Parts Scanalyzed 7 | . . . . . 4 . . 3 . Part Schematics Acquired 6 | . . . . . 4 . . 2 . Parts Damaged 1 | . . . . . . . . 1 . Bothacking | -11 -10 -10 -10 -9 -8 -7 -7 -7 -6 ------------ Run | Yrd Mat Min Exi Min Mat Fac Gar Fac Fac Used RIF Installer . | . . . . . . . . . . Robots Hacked 3 | . . . . . . . . 3 . Non-combat 2 | . . . . . . . . 2 . Combat 1 | . . . . . . . . 1 . Robot Hacks Applied 4 | . . . . . . . . 4 . parse_system 2 | . . . . . . . . 2 . no_distress 2 | . . . . . . . . 2 . Relay Couplers Released 8 | . . . . . . . 8 . . Machine Destruction 8 | . . . . . . . 8 . . Fabnet Peak Effective % . | . . . . . . . . . . Robots Rewired . | . . . . . . . . . . Allies Hacked . | . . . . . . . . . . Hacks Repelled . | . . . . . . . . . . Allies | -11 -10 -10 -10 -9 -8 -7 -7 -7 -6 -------- Run | Yrd Mat Min Exi Min Mat Fac Gar Fac Fac Total Allies 2 | . . . . . . . 2 . . Largest Group 2 | . . . . . . . 2 2 . Highest-Rated Group 64 | . . . . . . . 64 64 . Highest-Rated Ally 39 | . . . . . . . 39 39 . Total Orders . | . . . . . . . . . . Ally Attacks 25 | . . . . . . . 19 6 . Total Damage 677 | . . . . . . . 589 88 . Kills 7 | . . . . . . . 6 1 . Allies Corrupted . | . . . . . . . . . . Allies Melted . | . . . . . . . . . . Intel | -11 -10 -10 -10 -9 -8 -7 -7 -7 -6 ------- Run | Yrd Mat Min Exi Min Mat Fac Gar Fac Fac Robot Analysis Total . | . . . . . . . . . . Derelict Logs Recovered 1 | . . . . 1 . . . . . Drone Launches . | . . . . . . . . . . Drone Recoveries . | . . . . . . . . . . Exploration | -11 -10 -10 -10 -9 -8 -7 -7 -7 -6 ------------- Run | Yrd Mat Min Exi Min Mat Fac Gar Fac Fac Turns Passed 11700 | 67 1207 136 458 338 2659 1212 2562 2920 141 Spaces Moved 4605 | 37 616 83 283 212 911 439 932 1043 49 Core 10 | 10 . . . . . . . . . Treads 1667 | 27 616 83 283 212 446 . . . . Legs 2928 | . . . . . 465 439 932 1043 49 Wheels . | . . . . . . . . . . Hover . | . . . . . . . . . . Flight . | . . . . . . . . . . Fastest Speed 50 | 50 160 160 160 160 190 260 260 262 263 Average Speed 229 | 142 160 160 160 160 236 260 260 262 263 Slowest Speed 400 | 160 160 160 160 160 400 260 262 345 263 Overloaded Moves . | . . . . . . . . . . Propulsion Burnouts . | . . . . . . . . . . Robots Hopped . | . . . . . . . . . . Cave-ins Triggered . | . . . . . . . . . . Exploration Rate (%) 42 | 5 96 15 69 41 55 9 98 32 1 Regions Visited 9 Branch Regions 3 Pre-discovered Areas . | . . . . . . . . . . Known Exits Taken 3 | . 1 . . . 1 1 . . . Unknown Exits Taken 5 | 1 . 1 1 1 . . . 1 . Scrap Searched 2 | . . . . 2 . . . . . Spaces Dug 6 | . . . . . 6 . . . . Terrain Destroyed 83 | . . . . . 48 3 1 31 . Melee . | . . . . . . . . . . Projectile 83 | . . . . . 48 3 1 31 . AOE . | . . . . . . . . . . Terrain Rammed . | . . . . . . . . . . Walls Destroyed . | . . . . . . . . . . Machines Disabled . | . . . . . . . . . . Actions | -11 -10 -10 -10 -9 -8 -7 -7 -7 -6 --------- Run | Yrd Mat Min Exi Min Mat Fac Gar Fac Fac Total 5563 | 51 796 87 289 211 1382 507 1008 1171 61 Wait 603 | . 133 3 . . 354 49 7 57 . Move 4595 | 36 615 82 282 211 910 438 930 1042 49 Hop . | . . . . . . . . . . Pick Up 103 | 8 19 1 2 . 37 5 17 10 4 Fast Attach . | . . . . . . . . . . Attach 39 | 6 4 . 1 . 9 5 1 11 2 Detach 5 | . . . . . 4 1 . . . Swap 44 | 1 4 . 1 . 20 3 6 6 3 Drop 58 | . 1 1 3 . 26 2 14 8 3 Fire 108 | . 20 . . . 22 4 25 37 . Melee . | . . . . . . . . . . Ram . | . . . . . . . . . . Kick . | . . . . . . . . . . Crush . | . . . . . . . . . . Escape Stasis . | . . . . . . . . . . Rewire 8 | . . . . . . . 8 . . Trap . | . . . . . . . . . . Miscellaneous . | . . . . . . . . . . Route ------- -11/Scrapyard -10/Materials (discovered 4 exits: [*Mat x3] / *Min) -10/Mines -10/Exiles (discovered 2 exits: [*Min x2]) -9/Mines -8/Materials (discovered 3 exits: *Fac x3) -7/Factory -7/Garrison (discovered 3 exits: *Fac x3) -7/Factory (discovered 3 exits: *Fac x2 / [*Sto]) -6/Factory History --------- Turn | Location | Event 38 | -11/Scrapyard | Discovered new exit (range 15) 68 | -11/Scrapyard | Entered Materials 312 | -10/Materials | Build established: Mutant 584 | -10/Materials | Discovered new exit (range 12) 678 | -10/Materials | Discovered new exit (range 16) 709 | -10/Materials | Identified exit to Mines 842 | -10/Materials | Repaired Cooling System 870 | -10/Materials | Repaired Lgt. Treads 898 | -10/Materials | Repaired Lgt. Treads 926 | -10/Materials | Repaired Ion Engine 1090 | -10/Materials | Discovered new exit (range 16) 1275 | -10/Materials | Entered Mines 1294 | -10/Mines | Found the Drone Emporium 1302 | -10/Mines | Found Prototype Device 1331 | -10/Mines | Deemed a non-threat by the Exiles lab entrance 1331 | -10/Mines | Discovered new exit (range 5) 1411 | -10/Mines | Entered Exiles 1432 | -10/Exiles | Discovered new exit (range 15) 1482 | -10/Exiles | Met 8R-AWN 1509 | -10/Exiles | Met EX-HEX 1562 | -10/Exiles | Met EX-BIN 1586 | -10/Exiles | Aligned with FarCom system 1587 | -10/Exiles | Given EX-Vault access code 1626 | -10/Exiles | Opened EX-Vault 1639 | -10/Exiles | Found Field Lobotomy Kit 1650 | -10/Exiles | Found AWS/Gauss 1685 | -10/Exiles | Warned to stay clear of 0b10 Research branches 1729 | -10/Exiles | Met EX-DEC 1851 | -10/Exiles | Discovered new exit (range 12) 1869 | -10/Exiles | Left Exiles lab with AWS/Gauss 1869 | -10/Exiles | Entered Mines 1905 | -9/Mines | Learned Materials garrison access intel 2076 | -9/Mines | Discovered new exit (range 10) 2207 | -9/Mines | Entered Materials 2207 | -8/Materials | Evolved 4 slots: Propulsion x1, Utility x2, Weapon x1 2208 | -8/Materials | Loaded intel: 1 garrison access location 2504 | -8/Materials | Build established: Skirmisher 2875 | -8/Materials | Discovered new exit (range 8) 3197 | -8/Materials | Build established: Hacker-Skirmisher 3475 | -8/Materials | Identified Splice Drone Bay 4177 | -8/Materials | Build established: Scavenger-Skirmisher 4471 | -8/Materials | Identified exit to Factory 4866 | -8/Materials | Entered Factory 4866 | -7/Factory | Evolved 2 slots: Power x1, Utility x1 4938 | -7/Factory | Identified exit to Garrison 5234 | -7/Factory | Identified exit to DSF 5275 | -7/Factory | Repaired Carbon-fiber Leg 5289 | -7/Factory | Repaired Carbon-fiber Leg 6078 | -7/Factory | Entered Garrison 6078 | -7/Garrison | Discovered recently destroyed garrison 6095 | -7/Garrison | Rescued a captive Derelict 6096 | -7/Garrison | Rescued a captive Derelict 6623 | -7/Garrison | Garrison Relay disabled 6752 | -7/Garrison | Discovered new exit (range 13) 7117 | -7/Garrison | Discovered new exit (range 11) 7289 | -7/Garrison | Garrison Relay disabled 7994 | -7/Garrison | Build established: Hacker-Skirmisher 8095 | -7/Garrison | Discovered new exit (range 12) 8436 | -7/Garrison | Attempted to access garrison exit controls, blocked by remote lockdown 8640 | -7/Garrison | Entered Factory 8640 | -7/Factory | Accompanied by 2 allies 8913 | -7/Factory | Discovered new exit (range 15) 9099 | -7/Factory | Discovered new exit (range 7) 10440 | -7/Factory | Build established: Hacker-Mutant 10814 | -7/Factory | Build established: Hacker-Skirmisher 11050 | -7/Factory | Discovered new exit (range 14) 11560 | -7/Factory | Entered another Factory area 11560 | -6/Factory | Evolved 2 slots: Utility x1, Weapon x1 11701 | -6/Factory | Self-destructed Last Messages --------------- 11490_ P-60 Hacker destroyed. 11491_ R-06 Scavenger collects Target Analyzer. 11500_ R-06 Scavenger collects Shock Rifle. PARAMETERS=UTILITY+1,WEAPON+1 LOCATION=UNKNOWN GOAL=ESCAPE 11560_ Receiving FarCom transmissions... 11560_ Dropped HERF Cannon. 11580_ K-01 Serf pushes H-66 Slayer. 11657_ Acquired Prototype Energy Gun. 11658_ Identified Imp. Spread Laser. 11658_ Faulty integration triggers system corruption (+5). 11659_ Dropped Faulty Imp. Spread Laser. 11660_ HS3|LYIYM%0UZFTL GCO KHZ6&K:=PO4 11660_ Identified Enh. Autogun. 11667_ Acquired Flexi-carbon Leg. 11670_ Dropped Imp. Carbon-fiber Leg. 11678_ Acquired Phase Cannon. 11701_ Connecting with Terminal... 11701_ Current location identified: Factory Map ----- +----------------------------------------------------+ | ?????????????????????????????????????????????????? | | ?????????????????????????????????????????????????? | | ?????????????????????????????????????????????????? | | ?????????????????????????????????????????????????? | | ?????????????????????????????????????????????????? | | ?????????????????????????????????????????????????? | | ?????????????????????????????????????????????????? | | ?????????????????????????????????????????????????? | | ?????????????????????????????????????????????????? | | ?????????????????????????????????????????????????? | | ?????????????????????????????????????????????????? | | ?????????????????????????????????????????????????? | | ?????????????????????????????????????????????????? | | ?????????????????????????????????????????????????? | | ?????????????????????????????????????????????????? | | ?????????????????????????????????????????????????? | | ?????????????????????????????????????????????????? | | ?????????????????????????????????????????????????? | | ?????????????????????????????????????????????????? | | ?????????????????????????????????????????????????? | | ?????????????????????????????????????????????????? | | ?????????????????????????????????????????????????? | | ?????????????????????????????????????????????????? | | ??????????????????????############???????????????? | | ??????????????????????# #???????????????? | | ??????????????????????# "@" #???????????????? | | ??????? ######## "T" [ = #???????????????? | | ??????? + """ #???????????????? | | ??????????????####### # #???????????????? | | ???????????????????##+############???????????????? | | ???????????????????# #????????????????? | | ???????????????????# """ """ #????????????????? | | ???????????????????# """ """ #????????????????? | | ???????????????????# """ """ #????????????????? | | ???????????????????# #????????????????? | | ???????????????????# """ """ #????????????????? | | ???????????????????# """ """ #????????????????? | | ???????????????????# """ """ #????????????????? | | ???????????????????# #????????????????? | | ???????????????????# #????????????????? | | ???????????????????# #????????????????? | | ???????????????????# #????????????????? | | ???????????????????#######+#############?????????? | | ??????????????????????# ???????? | | ??????????????????????# ???????? | | ??????????????????????# ] ???????? | | ??????????????????????# ???????? | | ??????????????????????# ????????? | | ??????????????????????####+##############????????? | | ?????????????????????????????????????????????????? | +----------------------------------------------------+ Best States ------------- Heat Dissipation 53 Energy Generation 37 Energy Capacity 360 Matter Stores 300 Matter Capacity 300 Sight Range 16 Robot Scan Range 15 Terrain Scan Density 10 Base Temperature (-) 200 Armor Coverage 225 Resistance: KI 20 Resistance: TH 20 Resistance: EX 20 Resistance: EM 20 Resistance: I 20 Resistance: S 20 Resistance: P 20 Evasion (%) 40 Recoil Reduction 2 Particle Charging 15 Offensive Hacking 20 Item Schematics ----------------- Cooling System | -8/Materials | Scanalyzed Gauss Cannon | -8/Materials | Scanalyzed Lightning Gun | -8/Materials | Scanalyzed Hcp. Storage Unit | -8/Materials | Scanalyzed Huge Storage Unit | -7/Factory | Scanalyzed Missile Launcher | -7/Factory | Scanalyzed Robot Schematics ------------------ None Fabricated ------------ Nothing Alien Tech Used ----------------- None Achievements -------------- Safety First Challenges ------------ None Game ------ Seed ShockCoolingMachine Manual? 0 Play Time 01:12:52 Cumulative 25.5 hours Start 2024.04.04 @ 20:47:53 End 2024.04.06 @ 10:35:35 Sessions 5 Manual Loads 0 Difficulty Adventurer Special Mode None Game No. 51 Rogue 23 Adventurer 28 Explorer 0 Win Type - Total 0 Types 0/0/0/0/0/0/0/0/0 Lore% 20 Gallery% 29 Achievement% 34 Wizard Run 0 Options --------- Layout 0 ASCII 0 Keyboard 0 Movement Numpad Keybinds 0 Fullscreen 1 Font 18/SmallcapsGlow Map View 76x50 Zoom Use 0% Tactical HUD 1 Map Filters NONE Filters NONE Steam 1 RUN: 4b1581a0-d28f-49c3-8698-b3a552dfe4cd